 Dungeon Crawl Stone Soup version 0.18-a0-1372-gd644665 (webtiles) character file.

479 M4edhros the Sneak (level 7, -2/46 HPs)
             Began as an Octopode Monk on Feb 21, 2016.
             Slain by an ogre
             ... wielding a +0 giant club
              (15 damage)
             ... on level 4 of the Dungeon.
             The game lasted 00:06:57 (3957 turns).

M4edhros the Sneak (Octopode Monk)                  Turns: 3957, Time: 00:06:57

Health: -2/46      AC:  1    Str: 10    XL:     7   Next: 11%
Magic:  7/7        EV:  5    Int: 13    God:
Gold:   241        SH:  7    Dex: 16    Spells: 0 memorised, 6 levels left

rFire  . . .     SeeInvis .       - Unarmed
rCold  . . .     Gourm    .     k - +0 shield
rNeg   . . .     Faith    .     (helmet restricted)
rPois  .         Spirit   .     (no amulet)
rElec  .         Dismiss  .     e - ring of resist corrosion
rCorr  +         Reflect  .     (no ring)
SustAt .         Harm     .     (no ring)
MR     .....                    (no ring)
Stlth  +++++.....               (no ring)
                                (no ring)
                                (no ring)
                                (no ring)

@: not resistant to hostile enchantments, quite stealthy
A: almost no armour, amphibious, 8 rings, constrict 8, camouflage 1, gelatinous
body 1
a: no special abilities


You were on level 4 of the Dungeon.
You were hungry.

You visited 2 branches of the dungeon, and saw 5 of its levels.

You collected 241 gold pieces.

Inventory:

Hand Weapons
 b - a +1 hunting sling of freezing
 h - a +1 dagger of electrocution
Missiles
 c - 19 sling bullets
 d - 76 stones (quivered)
Armour
 k - a +0 shield (worn)
Jewellery
 e - a ring of resist corrosion (left tentacle)
Scrolls
 j - a scroll of enchant armour {unknown}
 l - 3 scrolls of random uselessness
 m - a scroll of remove curse
Potions
 i - 2 potions of magic
Comestibles
 a - 2 bread rations
 f - a meat ration
 g - 2 royal jellies
 n - 4 fruits
 o - a slice of pizza


   Skills:
 - Level 3.0 Fighting
 + Level 3.9 Slings
 - Level 3.0 Dodging
 + Level 6.4 Stealth
 + Level 5.8 Unarmed Combat


You had 6 spell levels left.
You didn't know any spells.

Dungeon Overview and Level Annotations

Branches:
Dungeon (4/15)             Temple (1/1) D:4

Altars:
Ashenzari
Cheibriados
Dithmenos
Fedhas
Gozag
Makhleb
Nemelex Xobeh
Okawaru
Pakellas
Qazlal
Sif Muna
Trog
Vehumet
Xom
The Shining One


Innate Abilities, Weirdness & Mutations

You cannot wear most types of armour.
You are amphibious.
You can wear up to eight rings at the same time.
You can use your tentacles to constrict eight enemies at once.
Your skin changes colour to match your surroundings (Stealth).
Your rubbery body absorbs attacks (AC +1).


Message History

The ogre is moderately wounded.
The ogre misses you.
An ogre is nearby!
You tentacle-slap the ogre. You squeeze the ogre.
The ogre is moderately wounded.
The ogre misses you.
An ogre is nearby!
You tentacle-slap the ogre.
Your tentacle-slap misses the ogre.
The ogre is heavily wounded.
An ogre is nearby!
You tentacle-slap the ogre.
The ogre is heavily wounded.
The ogre hits you with a giant club!!
Ouch! That really hurt!
There is a stone staircase leading down here.
The ogre hits you with a giant club!
* * * LOW HITPOINT WARNING * * *
There is a stone staircase leading up here.
The ogre hits you with a giant club!
You die...

#.#..#.#.## # #.. #......
.......#..#.# #.# ###.#.#.#..
......##..#.# #.# ...........
#.##..##..#.####.## ######.#.#
.........>........ #.....#.#
####.###......##.# #######.#
####......###.##.#############...
...............O............>...#
#.............##@#######.....#...
#.###.###.###.#### .....#...
#....)# ### #.# ......... #######
#.# ......... # #.# ...##..#. #
#.# . #.... # ######.# ##... #
#......# #... ###### #.###### ...


You could see an ogre.

Vanquished Creatures
  2 ogres (D:4)
  A centaur skeleton (D:4)
  3 orc wizards
  A worker ant (D:4)
  9 adders
  A shadow imp (D:4)
  4 worms
  7 giant geckos
  9 orcs
  A giant cockroach (D:4)
  10 goblins
  5 hobgoblins
  3 jackals (D:2)
  6 kobolds
  A quokka (D:4)
  6 bats
  3 giant newts
  A jackal skeleton (D:4)
  A quokka skeleton (D:4)
  8 rats
82 creatures vanquished.

Notes
Turn   | Place    | Note
--------------------------------------------------------------
     0 | D:1      | M4edhros the Octopode Monk began the quest for the Orb.
     0 | D:1      | Reached XP level 1. HP: 16/16 MP: 1/1
   261 | D:1      | Reached XP level 2. HP: 21/21 MP: 2/2
   688 | D:1      | Reached skill level 1 in Slings
   728 | D:2      | Reached XP level 3. HP: 26/26 MP: 3/3
  1132 | D:2      | Reached XP level 4. HP: 31/31 MP: 4/4
  1279 | D:2      | Found a faded altar to an unknown god.
  1459 | D:2      | Found a bloodstained altar of Trog.
  1460 | D:2      | Found an iron altar of Okawaru.
  1624 | D:2      | Found a glowing golden altar of the Shining One.
  1776 | D:3      | Noticed an orc warrior
  2404 | D:3      | Reached XP level 5. HP: 31/36 MP: 5/5
  3023 | D:3      | Reached skill level 5 in Stealth
  3099 | D:3      | Reached skill level 5 in Unarmed Combat
  3350 | D:4      | Noticed an ogre
  3369 | D:4      | Killed an ogre
  3369 | D:4      | Reached XP level 6. HP: 42/42 MP: 6/6
  3405 | D:4      | Reached skill level 6 in Stealth
  3423 | D:4      | Found a shadowy altar of Dithmenos.
  3624 | D:4      | Reached XP level 7. HP: 37/46 MP: 7/7
  3664 | D:4      | Found a staircase to the Ecumenical Temple.
  3701 | Temple   | Entered the Ecumenical Temple
  3957 | D:4      | Slain by an ogre

Vault maps used:
D:1:      saegor_arrival_simple_f
D:2:      amethyst_overflow_temple_binary, ecumenical_altar_2,
          grunt_ministairs_8, tso_altar
D:4:      good_gods_mini_temple, minmay_temple_entry_statues_pillars,
          grunt_dithmenos_shadows
Temple:   temple_eino_lava_12

Action                   |  1- 3 |  4- 6 |  7- 9 || total
-------------------------+-------+-------+-------++-------
Melee: Unarmed           |    13 |   137 |    17 ||   167
 Fire: Hunting sling     |    29 |    30 |     5 ||    64
  Use: Scroll            |       |     8 |       ||     8
       Potion            |       |     7 |       ||     7
 Stab: Sleeping          |     5 |    15 |     3 ||    23
  Eat: Chunk             |       |     9 |       ||     9
